 Dungeon Crawl Stone Soup version 0.25-a0-829-g4e6a552925 (webtiles) character file.

Game seed: 12939693548508567348, levelgen mode: deterministic

350 tilp the Bolt Thrower (level 6, 0/38 HPs)
             Began as a Kobold Arcane Marksman on Apr 21, 2020.
             Slain by a scorpion (6 damage)
             ... on level 4 of the Dungeon.
             The game lasted 00:14:08 (4941 turns).

tilp the Bolt Thrower (Kobold Arcane Marksman)      Turns: 4941, Time: 00:14:09

Health: 0/38       AC:  3    Str:  8 (9)  XL:     6   Next: 92%
Magic:  9/9        EV: 14    Int: 12 (15) God:
Gold:   144        SH:  4    Dex: 12 (15) Spells: 6/9 levels left

rFire    . . .     SeeInvis .   a - +0 hand crossbow
rCold    . . .     Gourm    .   (shield restricted)
rNeg     . . .     Faith    .   r - +0 leather armour
rPois    .         Spirit   .   (no helmet)
rElec    .         Reflect  +   (no cloak)
rCorr    .         Harm     .   (no gloves)
MR       .....                  (no boots)
Stlth    +.........             q - +4 amulet of reflection
HPRegen  0.12/turn              (no ring)
MPRegen  0.11/turn              (no ring)

@: lethally poisoned (0 -> -14)
A: small, carnivore
a: no special abilities


You were on level 4 of the Dungeon.
You were very full.

You visited 1 branch of the dungeon, and saw 5 of its levels.

You collected 144 gold pieces.

Inventory:

Hand Weapons
 a - a +0 hand crossbow (weapon)
 b - a +0 morningstar
 f - a +0 club
 o - a +0 spear
 s - a +0 short sword
 u - a +0 flail
 v - a +1 antimagic trident
 y - a +0 vorpal flail
 z - a +1 vorpal flail
Missiles
 d - 32 bolts (quivered)
 m - 2 boomerangs
 w - 14 poisoned darts
Armour
 r - a +0 leather armour (worn)
Jewellery
 q - a +4 amulet of reflection (around neck)
Scrolls
 e - 3 scrolls of remove curse
 g - a scroll of blinking {unknown}
 j - a scroll of fog
 l - 4 scrolls of teleportation
 p - a scroll of random uselessness {unknown}
 A - a scroll of noise {unknown}
Potions
 h - a potion of haste
 i - a potion of flight
 k - a potion of magic {unknown}
 n - a potion of ambrosia {unknown}
 t - 2 potions of degeneration
 x - a potion of cancellation {unknown}
 B - a potion of curing {unknown}
 C - a potion of heal wounds
Comestibles
 c - 5 rations


   Skills:
 - Level 4.0 Fighting
 - Level 6.0 Crossbows
 - Level 2.4 Dodging
 - Level 2.0 Spellcasting
 + Level 3.7 Hexes


You had 6 spell levels left.
You knew the following spells:

 Your Spells              Type           Power        Failure   Level  Hunger
a - Corona                Hex            ##.....      9%          1    ##.....
b - Slow                  Hex            ##......     13%         2    ###....

Your spell library contained the following spells:

 Spells                   Type           Power        Failure   Level  Hunger
 Inner Flame              Hex/Fire       #.......     50%         3    ####...
 Portal Projectile        Hex/Tloc       #.....       50%         3    ####...
 Cause Fear               Hex            ##........   63%         4    #####..
 Leda's Liquefaction      Hex/Erth       #.........   88%         4    #####..


Dungeon Overview and Level Annotations

Branches:
Dungeon (5/15)
 Temple: D:4-7

Altars:
Hepliaklqana
Makhleb
Vehumet


Innate Abilities, Weirdness & Mutations

You are small and have problems with some larger weapons.
You are carnivorous and can eat meat at any time.


Message History

You feel sick. The scorpion stings you!
* * * LOW HITPOINT WARNING * * *
Firing (i - inventory. (/) - cycle)
d - 34 bolts (quivered)
Press: ? - help, Shift-Dir - straight line, f/p - scorpion
Aim: a scorpion (moderately wounded)
You shoot a bolt.
The bolt hits the scorpion but does no damage.
The scorpion is moderately wounded.
The scorpion barely misses you.
Firing (i - inventory. (/) - cycle)
d - 33 bolts (quivered)
Press: ? - help, Shift-Dir - straight line, f/p - scorpion
Aim: a scorpion (moderately wounded)
You shoot a bolt.
The bolt hits the scorpion but does no damage.
The scorpion is moderately wounded.
You feel sick. The scorpion stings you.
* * * LOW HITPOINT WARNING * * *
You are lethally poisoned!
The scorpion poisons you! The scorpion stings you.
You die...

# #.###.# #
#.#.#.# # #.#.#.#
# #.#<#.# # #####
#.#.#.# ##
#...###.#...#
.####...#...#####
[...#.........####
....'...._.....s@#
#.(.#.........####
#..##...#.##.##
##.##...#....#
#)##...####.####
#.###### #.....#
#.# #..##.# #.#
#..##.#
#.########..##.#


You could see a scorpion.

Vanquished Creatures
  A scorpion (D:4)
  2 howler monkeys (D:4)
  A jelly (D:4)
  2 worker ants
  3 adders (D:2)
  An ooze (D:1)
  6 worms
  3 dart slugs (D:2)
  15 orcs
  2 ball pythons
  6 giant cockroaches
  9 goblins
  6 hobgoblins
  A quokka (D:3)
  9 bats
  7 frilled lizards
  7 kobolds
  11 rats
92 creatures vanquished.

Notes
Turn   | Place    | Note
-------+----------+-------------------------------------------
     0 | D:1      | tilp the Kobold Arcane Marksman began the quest for the
                  | Orb.
     0 | D:1      | Reached XP level 1. HP: 12/12 MP: 2/2
    62 | D:1      | Reached skill level 3 in Crossbows
    62 | D:1      | Reached XP level 2. HP: 15/16 MP: 3/3
    67 | D:1      | Learned a level 2 spell: Slow
   793 | D:1      | Reached skill level 4 in Crossbows
   793 | D:1      | Reached XP level 3. HP: 20/20 MP: 1/4
  1540 | D:2      | Found a faded altar of an unknown god.
  1633 | D:2      | Reached skill level 5 in Crossbows
  1633 | D:2      | Reached XP level 4. HP: 25/25 MP: 5/5
  2344 | D:3      | Reached XP level 5. HP: 27/29 MP: 6/6
  2677 | D:3      | Reached skill level 6 in Crossbows
  3045 | D:3      | Found a hazy altar of Hepliaklqana.
  3046 | D:3      | Found a radiant altar of Vehumet.
  3763 | D:4      | Found a burning altar of Makhleb.
  4178 | D:4      | Reached XP level 6. HP: 37/37 MP: 7/7
  4745 | D:5      | Entered Level 5 of the Dungeon
  4810 | D:4      | HP: 1/38 [acid (8)]
  4941 | D:4      | Slain by a scorpion

Levels and vault maps discovered:
D:1:      tarquinn_simple_flora_water_f, layout_basic
D:2:      layout_rooms, first_ration, chequers_ecumenical_altar_island
D:3:      layout_basic, grunt_temple_overflow_open
D:4:      layout_basic, bloody_makhleb
D:5:      layout_cave_pools, minmay_temple_entry_nine_rooms,
          minmay_fire_ice_demons

Skill      XL: |  1  2  3  4  5  6 |
---------------+-------------------+-----
Crossbows      | 3 4 5 6 |  6.0
Fighting       | 3 4 |  4.0
Spellcasting   | 2 |  2.0
Dodging        | |  2.4
Hexes          | |  3.7

Action                   |  1- 3 |  4- 6 || total
-------------------------+-------+-------++-------
Melee: Short sword       |    72 |    19 ||    91
       Flail             |       |    49 ||    49
       Morningstar       |       |    13 ||    13
 Fire: Hand crossbow     |    43 |   112 ||   155
 Cast: Corona            |    21 |     8 ||    29
       Slow              |       |     3 ||     3
  Use: Scroll            |       |     5 ||     5
       Potion            |       |     3 ||     3
 Stab: Sleeping          |       |     2 ||     2
  Eat: Chunk             |    11 |    10 ||    21
Armor: Robe              |     8 |       ||     8
       Leather armour    |     1 |    30 ||    31
Dodge: Dodged            |    57 |    85 ||   142
Block: Other             |       |    28 ||    28

Table legend:
 A = Non-vault XP
 B = Vault XP
 C = Vault XP percentage of total XP
 D = Non-vault monster count
 E = Vault monster count
 F = Vault count percentage of total count
                 A         B        C        D         E       F
            +---------+---------+-------+---------+---------+-------
      Total |     500 |       0 |   0.0 |      92 |       0 |   0.0
            +---------+---------+-------+---------+---------+-------
        D:1 |      39 |       0 |   0.0 |      21 |       0 |   0.0
        D:2 |      81 |       0 |   0.0 |      22 |       0 |   0.0
        D:3 |     100 |       0 |   0.0 |      33 |       0 |   0.0
        D:4 |     280 |       0 |   0.0 |      16 |       0 |   0.0
            +---------+---------+-------+---------+---------+-------
